 Dungeon Crawl Stone Soup version 0.20.0-15-g7f486f2 (webtiles) character file.

5147 pirrif94 the Carver (level 10, -1/74 HPs)
             Began as a Demonspawn Berserker on June 26, 2017.
             Was a High Priest of Trog.
             Slain by a six-headed hydra (10 damage)
             ... on level 1 of the Lair of Beasts.
             The game lasted 01:05:25 (9863 turns).

pirrif94 the Carver (Demonspawn Berserker)          Turns: 9863, Time: 01:05:26

Health: -1/74      AC: 17    Str: 21    XL:     10   Next: 33%
Magic:  0/9        EV: 11    Int: 12    God:    Trog [*****.]
Gold:   114        SH:  0    Dex: 13    Spells: 9/9 levels left

rFire    + + .     SeeInvis .   y - +0 triple sword "Pawk" {protect, rF+ Int+4}
rCold    + . .     Gourm    .   (shield currently unavailable)
rNeg     . . .     Faith    .   r - +2 chain mail {rC+}
rPois    +         Spirit   +   (helmet restricted)
rElec    .         Reflect  .   L - +0 cloak
rCorr    .         Harm     .   E - +0 pair of gloves
MR       ++...                  (no boots)
Stlth    ..........             M - amulet of magic regeneration
Regen    1.3/turn               w - ring of fire
MPRegen  0.3/turn               q - +1 ring of evasion

@: protection aura, berserk cooldown, regenerating, slowed, very slow
A: hooves 1, horns 1, rugged brown scales 2, cold resistance 1, deformed body,
low mp 1, mutation resistance 1, poison resistance, magic shield, magic
regeneration
a: Berserk, Trog's Hand, Brothers in Arms, Burn Spellbooks, Renounce Religion


You were on level 1 of the Lair of Beasts.
You worshipped Trog.
Trog was extremely pleased with you.
You were hungry.

You visited 2 branches of the dungeon, and saw 10 of its levels.

You collected 702 gold pieces.
You spent 588 gold pieces at shops.

Inventory:

Hand Weapons
 c - a +3 dagger of distortion
 k - a +4 quarterstaff of chaos
 p - a +2 dagger of speed
 y - the +0 triple sword "Pawk" (weapon) {protect, rF+ Int+4}
   (You bought it in a shop on level 5 of the Dungeon)

   It protects the one who uses it against injury (+AC on strike).
   It affects your intelligence (+4).
   It protects you from fire.
Armour
 b - a +2 animal skin
 r - a +2 chain mail of cold resistance (worn)
 E - a +0 pair of gloves (worn)
 K - a +2 scale mail of poison resistance
 L - a +0 cloak (worn)
Magical Staves
 D - an uncursed staff of fire {unknown}
Jewellery
 q - a +1 ring of evasion (right hand)
 w - a ring of fire (left hand)
 M - an amulet of magic regeneration (around neck)
Wands
 n - a wand of random effects (8/48)
 o - a wand of digging (4/24)
 u - a wand of flame (34/48)
 z - a wand of lightning (8/15)
 F - a wand of enslavement (9/24)
Scrolls
 a - a scroll of magic mapping {unknown}
 e - 4 scrolls of fog
 g - 5 scrolls of teleportation
 h - a scroll of immolation
 j - a scroll of remove curse {unknown}
 A - 3 scrolls of blinking {unknown}
 C - a scroll of amnesia {unknown}
 N - a scroll of vulnerability {unknown}
Potions
 f - 2 potions of brilliance
 l - a potion of lignification
 m - 5 potions of curing
 s - a potion of ambrosia {unknown}
 t - a potion of cancellation
 v - 3 potions of haste
 G - a potion of heal wounds
Comestibles
 d - 6 royal jellies
 x - a bread ration
 H - 5 fruits
 I - 2 meat rations


   Skills:
 - Level 3.9 Fighting
 - Level 3.1(7.6) Short Blades
 + Level 10.8(11.0) Long Blades
 - Level 1.7 Armour
 * Level 5.9 Dodging
 * Level 6.6 Stealth


You had 9 spell levels left.
You didn't know any spells.

Dungeon Overview and Level Annotations

Branches:
Dungeon (9/15)             Temple (0/1) D:7            Lair (1/6) D:9
    Orc: D:9-12

Altars:
Elyvilon
Okawaru
Qazlal
Ru
Sif Muna
Vehumet
The Shining One

Shops:
D:5 (   D:9 [


Innate Abilities, Weirdness & Mutations

You have a pair of small horns on your head.
You are mostly covered in rugged brown scales. (AC +2, +5% HP)
Your flesh is cold resistant. (rC+)
When hurt, damage is shared between your health and your magic reserves.
You regenerate magic rapidly.
You have large cloven feet.
Armour fits poorly on your strangely shaped body.
Your magical capacity is low. (-10% MP)
You are somewhat resistant to further mutation.
Your system is resistant to poisons. (rPois)


Message History

The six-headed hydra bites you!
* * * LOW HITPOINT WARNING * * *
The six-headed hydra misses you. The six-headed hydra barely misses you.
The six-headed hydra bites you!
* * * LOW HITPOINT WARNING * * *
The six-headed hydra bites you but does no damage.
The six-headed hydra bites you.
* * * LOW HITPOINT WARNING * * *
You feel much better.
The six-headed hydra closely misses you.
You riposte.
You slash the six-headed hydra!
Your weapon exudes an aura of protection.
You kick the six-headed hydra, but do no damage.
Your headbutt misses the six-headed hydra.
The six-headed hydra is heavily wounded.
The six-headed hydra bites you but does no damage.
The six-headed hydra bites you!
* * * LOW HITPOINT WARNING * * *
The six-headed hydra bites you!
You die...

..#..... .#....# ......
. ......# ...... ..
#....# ......#
##.##...(# .......
.........# ......#
.........##.##.#.#..
....................
......D@............
........................
.................>......
...........##+...#......
.#####....#......#......
#....#......#......
.......#......#....(.
..P...........#......
.##....#......#......


You could see a six-headed hydra.

Vanquished Creatures
  A two-headed ogre (D:8)
  Psyche (D:8)
  A komodo dragon (Lair:1)
  2 trolls (D:9)
  A wyvern (D:8)
  A steam dragon (D:7)
  2 water moccasins (Lair:1)
  3 sky beasts
  2 orc warriors
  3 ogres
  2 wolves (D:8)
  2 centaurs
  5 bullfrogs
  6 scorpions
  An electric eel (D:9)
  5 howler monkeys
  2 crimson imps
  A centaur zombie (D:9)
  2 centaur skeletons
  3 orc priests
  Crazy Yiuf (D:2)
  6 hounds
  7 orc wizards
  2 iguanas (D:8)
  Ijyb (D:3)
  A worker ant (D:4)
  Terence (D:3)
  2 hound skeletons (D:5)
  A howler monkey zombie (D:9)
  4 gnolls (D:8)
  12 adders
  A shadow imp (D:7)
  2 oozes
  An adder skeleton (D:4)
  2 worms
  3 dart slugs
  7 leopard geckos
  39 orcs
  2 ball pythons
  8 giant cockroaches
  17 goblins
  7 hobgoblins
  11 jackals
  10 kobolds
  2 quokkas
  9 bats
  4 frilled lizards
  A giant cockroach zombie (D:6)
  A leopard gecko skeleton (D:3)
  7 rats
  A fungus (Lair:1)
  A plant (Lair:1)
220 creatures vanquished.

Vanquished Creatures (others)
  A bat (D:3)
1 creature vanquished.

Grand Total: 221 creatures vanquished

Notes
Turn   | Place    | Note
-------+----------+-------------------------------------------
     0 | D:1      | pirrif94 the Demonspawn Berserker began the quest for the Orb.
     0 | D:1      | Reached XP level 1. HP: 18/18 MP: 1/1
   137 | D:1      | Gained mutation: When hurt, damage is shared between your health and your magic reserves. [demonic ancestry]
   137 | D:1      | Reached XP level 2. HP: 11/24 MP: 2/2
   753 | D:1      | Reached ** piety under Trog
  1021 | D:2      | Found a glowing golden altar of the Shining One.
  1130 | D:2      | Gained mutation: You are partially covered in rugged brown scales. (AC +1, +3% HP) [demonic ancestry]
  1130 | D:2      | Reached XP level 3. HP: 24/29 MP: 3/3
  1680 | D:2      | Found a runed door.
  1919 | D:2      | Noticed Crazy Yiuf
  1926 | D:2      | Killed Crazy Yiuf
  1926 | D:2      | Gained mutation: Your flesh is cold resistant. (rC+) [demonic ancestry]
  1926 | D:2      | Reached XP level 4. HP: 16/37 MP: 1/4
  2194 | D:3      | Found a faded altar of an unknown god.
  2656 | D:3      | Found a stormy altar of Qazlal.
  2752 | D:3      | Noticed Terence
  2788 | D:3      | Killed Terence
  2788 | D:3      | Reached skill level 1 in Stealth
  2788 | D:3      | Reached XP level 5. HP: 43/43 MP: 2/5
  3070 | D:3      | Reached *** piety under Trog
  3152 | D:3      | Noticed Ijyb
  3194 | D:3      | Killed Ijyb
  3723 | D:4      | Noticed an ogre
  3739 | D:4      | Killed an ogre
  3739 | D:4      | Reached skill level 1 in Short Blades
  3739 | D:4      | Reached XP level 6. HP: 21/49 MP: 2/6
  3944 | D:4      | Gained mutation: You have large cloven feet. [potion of mutation]
  3944 | D:4      | Gained mutation: You are somewhat resistant to further mutation. [potion of mutation]
  4334 | D:4      | Gained mutation: You regenerate magic rapidly. [demonic ancestry]
  4334 | D:4      | Reached XP level 7. HP: 54/54 MP: 5/7
  4642 | D:5      | Entered Level 5 of the Dungeon
  4677 | D:5      | Found Cocw's Weapon Shop.
  4685 | D:5      | Bought the +0 triple sword "Pawk" {protect, rF+ Int+4} for 378 gold pieces
  4775 | D:5      | Reached skill level 3 in Long Blades
  4875 | D:5      | Reached **** piety under Trog
  5191 | D:5      | Reached skill level 4 in Long Blades
  5197 | D:5      | Gained mutation: Armour fits poorly on your strangely shaped body. [mutagenic meat]
  5523 | D:5      | Found a glowing golden altar of the Shining One.
  5730 | D:6      | Gained mutation: You are mostly covered in rugged brown scales. (AC +2, +5% HP) [demonic ancestry]
  5730 | D:6      | Reached XP level 8. HP: 52/63 MP: 8/8
  6118 | D:6      | Reached skill level 5 in Long Blades
  6281 | D:6      | Reached skill level 5 in Dodging
  6281 | D:6      | Reached skill level 5 in Stealth
  6410 | D:6      | Gained mutation: You are weak. (Str -2) [mutagenic meat]
  6476 | D:6      | Found a sacrificial altar of Ru.
  6529 | D:7      | Found a staircase to the Ecumenical Temple.
  6628 | D:7      | Reached skill level 6 in Long Blades
  6632 | D:7      | Gained mutation: Your magical capacity is low. (-10% MP) [mutagenic meat]
  6634 | D:7      | Lost mutation: You are weak. (Str -2) [mutagenic meat]
  6635 | D:7      | Gained mutation: Your system is resistant to poisons. (rPois) [mutagenic meat]
  6718 | D:7      | Found an iron altar of Okawaru.
  7174 | D:7      | Reached skill level 7 in Long Blades
  7260 | D:7      | Found a deep blue altar of Sif Muna.
  7260 | D:7      | Found a white marble altar of Elyvilon.
  7436 | D:7      | Reached XP level 9. HP: 64/68 MP: 6/8
  7796 | D:8      | Noticed Psyche
  7803 | D:8      | Noticed a two-headed ogre
  7832 | D:8      | Reached skill level 8 in Long Blades
  7862 | D:8      | Killed a two-headed ogre
  7862 | D:8      | Reached skill level 9 in Long Blades
  7877 | D:8      | Killed Psyche
  8125 | D:8      | Reached skill level 10 in Long Blades
  8502 | D:9      | Reached ***** piety under Trog
  8550 | D:9      | Noticed a troll
  8584 | D:8      | Gained mutation: You have a pair of small horns on your head. [demonic ancestry]
  8584 | D:8      | Reached XP level 10. HP: 34/74 MP: 3/9
  8824 | D:9      | Found Giutuanu's Antique Armour Emporium.
  8832 | D:9      | Bought a shiny chain mail for 210 gold pieces
  8955 | D:9      | Found a staircase to the Lair.
  9432 | D:9      | Found a radiant altar of Vehumet.
  9695 | Lair:1   | Entered Level 1 of the Lair of Beasts
  9851 | Lair:1   | Noticed a four-headed hydra
  9862 | Lair:1   | HP: 3/74 [six-headed hydra (4)]
  9863 | Lair:1   | Slain by a six-headed hydra

Skill      XL: |  1  2  3  4  5  6  7  8  9 |
---------------+----------------------------+-----
Dodging        | 2 3 4 5 |  5.9
Stealth        | 1 3 4 5 6 |  6.6
Short Blades   | 1 2 3 |  3.1
Long Blades    | 4 7 10 | 10.8
Fighting       | |  3.9
Armour         | |  1.7

Action                   |  1- 3 |  4- 6 |  7- 9 | 10-12 || total
-------------------------+-------+-------+-------+-------++-------
Melee: Falchion          |   116 |    75 |       |       ||   191
       Dagger            |       |   167 |    24 |       ||   191
       Kick              |       |    19 |   123 |    27 ||   169
       Triple sword      |       |       |   308 |    67 ||   375
       Headbutt          |       |       |       |    19 ||    19
Invok: Berserk           |     1 |     3 |     6 |     1 ||    11
       Trog's Hand       |       |     2 |     7 |     2 ||    11
       Burn Spellbooks   |       |       |     1 |       ||     1
  Use: Scroll            |     5 |     4 |     5 |     1 ||    15
       Potion            |     1 |     2 |       |     2 ||     5
 Stab: Sleeping          |     2 |     5 |     2 |       ||     9
  Eat: Chunk             |     3 |     7 |    33 |     3 ||    46
       Bread ration      |       |     1 |     1 |       ||     2
       Royal jelly       |       |       |     1 |       ||     1
Armor: Animal skin       |    28 |    51 |   127 |       ||   206
       Scale mail        |       |       |    71 |     8 ||    79
       Chain mail        |       |       |       |    44 ||    44
Dodge: Dodged            |    89 |   124 |   348 |    66 ||   627
       Rpst.: Falchion   |    23 |    22 |       |       ||    45
       Triple sword      |       |       |   106 |    18 ||   124
